 Dungeon Crawl Stone Soup version 0.30.1-11-g7821555f0a (webtiles) character file.

Game seed: 1349748895419729300

69 Okkudo the Chopper (level 4, -1/39 HPs)
             Began as a Hill Orc Monk on Dec 4, 2023.
             Succumbed to a kobold's poison
             ... on level 3 of the Dungeon.
             The game lasted 00:05:06 (1227 turns).

Okkudo the Chopper (Hill Orc Monk)                  Turns: 1227, Time: 00:05:06

Health: -1/39      AC: 13    Str: 15    XL:     4   Next: 20%
Magic:  4/4        EV:  7    Int: 10    God:
Gold:   120        SH:  0    Dex: 13    Spells: 3/3 levels left

rFire   . . .        a - +0 hand axe
rCold   . . .        d - orb {light}
rNeg    . . .        b - +0 chain mail
rPois   .            (no helmet)
rElec   .            (no cloak)
rCorr   .            j - +0 pair of gloves
SInv    .            (no boots)
Will    .....        (no amulet) Stlth
                     m - +4 ring of protection
HPRegen 0.26/turn    (no ring)
MPRegen 0.09/turn

%: no passive effects
@: lethally poisoned (-1 -> -8), glowing
A: no striking features
a: no special abilities


You were on level 3 of the Dungeon.
You visited 1 branch of the dungeon, and saw 3 of its levels.

You collected 120 gold pieces.

Inventory:

Hand Weapons
 a - a +0 hand axe (weapon)
Armour
 b - a +0 chain mail (worn)
 d - an orb of light (worn)
 j - a +0 pair of gloves (worn)
Jewellery
 m - a +4 ring of protection (left hand)
Scrolls
 e - a scroll of enchant armour {unknown}
 f - 2 scrolls of noise {unknown}
 g - 7 scrolls of identify {unknown}
 i - 2 scrolls of immolation
 l - a scroll of teleportation {unknown}
 o - a scroll of blinking {unknown}
Potions
 c - a potion of ambrosia
 h - a potion of magic {unknown}
 k - a potion of might {unknown}
 n - 2 potions of brilliance {unknown}
 p - a potion of berserk rage {unknown}


   Skills:
 - Level 3.6 Fighting
 * Level 6.5 Axes
 - Level 2.4 Dodging


You had 3 spell levels left.
You didn't know any spells.
Your spell library was empty.

Dungeon Overview and Level Annotations

Branches:
Dungeon (3/15)

Altars:

Annotations:
D:3 Terence


Message History

You feel very sick.
The kobold throws a poisoned dart.
The poisoned dart hits you!
You are more poisoned.
You feel very sick.
The kobold throws a poisoned dart.
The poisoned dart hits you!
You are more poisoned.
Terence the Incautious comes into view.
He is wielding a +0 flail.
You feel very sick.
You feel very sick.
You feel very sick.
Terence shouts!
The kobold throws a poisoned dart.
The poisoned dart hits you!
You are more poisoned.
You feel very sick. The kobold closely misses you.
You feel very sick. The kobold hits you but does no damage.
You hit the kobold but do no damage.
You feel very sick. The kobold hits you but does no damage.
You hit the kobold but do no damage.
You feel sick. The kobold hits you but does no damage.
You hit the kobold but do no damage.
You feel sick.
The kobold hits you with a +1 short sword of protection.
* * * LOW HITPOINT WARNING * * *
As you read the scroll labelled HOMIEH TASU, it crumbles to dust.
The creatures around you are filled with an inner flame!
It was a scroll of immolation.
You feel sick. The kobold hits you but does no damage.
You feel sick. The kobold closely misses you.
The kobold attacks as you move away!
The kobold hits you with a +1 short sword of protection.
* * * LOW HITPOINT WARNING * * *
You feel sick.
The kobold throws a poisoned dart.
The poisoned dart hits you!
You are lethally poisoned!
* * * LOW HITPOINT WARNING * * *
You feel very sick.
* * * LOW HITPOINT WARNING * * *
You feel very sick.
You die...

#.#.#........##
#.#.#........####
.[.....####.....#
..#...## #.....#
......# ###.....#
.#.##.###.......#
................#
#(
...########.....###
. ..## #..##.@.# .#
.## #..####.# ..#
.# #..# #.###.# .#
#..# #K#... #...
#.#.## #.#. #....#
#. # ###..# ...#
##.#


You could see a kobold (inner flame).

Vanquished Creatures
  2 adders
  9 ball pythons
  7 endoplasms
  2 giant cockroaches
  4 goblins
  3 hobgoblins (D:1)
  3 jackals (D:1)
  3 quokkas
  A bat (D:3)
  4 frilled lizards
  4 kobolds
  6 rats
48 creatures vanquished.

Notes
Turn   | Place    | Note
-------+----------+-------------------------------------------
     0 | D:1      | Okkudo the Hill Orc Monk began the quest for the Orb.
     0 | D:1      | Reached XP level 1. HP: 19/19 MP: 1/1
   105 | D:1      | You fall into a shaft and drop 1 floor!
   156 | D:1      | Found a faded altar of an unknown god.
   168 | D:1      | Reached XP level 2. HP: 23/26 MP: 2/2
   223 | D:1      | Reached skill level 5 in Axes
   416 | D:1      | Reached XP level 3. HP: 30/31 MP: 3/3
   850 | D:2      | Reached skill level 6 in Axes
  1097 | D:3      | Reached XP level 4. HP: 39/39 MP: 4/4
  1213 | D:3      | Noticed Terence
  1226 | D:3      | HP: 1/39 [poisoned by a kobold]
  1227 | D:3      | Succumbed to a kobold's poison

Illustrated notes

Levels and vault maps discovered:
D:1:      dpeg_arrival_tiny_a, layout_rooms,
          shapermc_ecumenical_altar_mp_urbaneastern, minivault_23,
          minmay_heptomino_l4
D:2:      layout_rooms, hangedman_decor_push
D:3:      layout_rooms, uniq_terence

Skill      XL: |  1  2  3 |
---------------+----------+-----
Axes           | 5 6 |  6.5
Fighting       | |  3.6
Dodging        | |  2.4

Action                     |  1- 3 |  4- 6 || total
---------------------------+-------+-------++-------
  Melee: Hand axe          |   115 |    20 ||   135
    Use: Scroll            |       |     1 ||     1
 Armour: Chain mail        |    65 |    12 ||    77
  Dodge: Dodged            |    46 |     9 ||    55
